 Dungeon Crawl Stone Soup version 0.29.1-2-gbd0b4ee654 (webtiles) character file.

Game seed: 4473135343006197818

743 Ihaveafatcat the Covered (level 7, -11/61 HPs)
             Began as a Minotaur Fighter on Nov 22, 2022.
             Was a Follower of Uskayaw.
             Mangled by Edmund
             ... wielding a +4 vorpal dire flail
              (13 damage)
             ... on level 4 of the Dungeon.
             The game lasted 00:06:20 (4491 turns).

Ihaveafatcat the Covered (Minotaur Fighter)         Turns: 4491, Time: 00:06:20

Health: -11/61     AC:  7    Str: 22    XL:     7   Next: 47%
Magic:  6/6        EV: 10    Int:  5    God:    Uskayaw [*.....]
Gold:   226        SH:  5    Dex: 16    Spells: 6/6 levels left

rFire   . . .      SeeInvis .   a - +0 war axe
rCold   . . .      Faith    .   c - +0 buckler
rNeg    . . .      Spirit   .   b - +0 scale mail
rPois   .          Reflect  .   (helmet restricted)
rElec   .          Harm     .   (no cloak)
rCorr   .          Rampage  .   (no gloves)
Will    .....                   (no boots)
Stlth   ..........              (no amulet)
HPRegen 0.20/turn               j - +6 ring of dexterity
MPRegen 0.10/turn               (no ring)

@: no status effects
A: horns 2, retaliatory headbutt
a: Renounce Religion, Stomp


You were on level 4 of the Dungeon.
You worshipped Uskayaw.
Uskayaw was noncommittal.
You visited 1 branch of the dungeon, and saw 4 of its levels.

You collected 226 gold pieces.

Inventory:

Hand Weapons
 a - a +0 war axe (weapon)
Armour
 b - a +0 scale mail (worn)
 c - a +0 buckler (worn)
Jewellery
 j - a +6 ring of dexterity (left hand)
Wands
 s - a wand of light (7)
Scrolls
 e - a scroll of silence
 f - a scroll of poison
 h - 4 scrolls of magic mapping {unknown}
 i - a scroll of blinking {unknown}
 k - 2 scrolls of teleportation
 o - a scroll of identify
 p - a scroll of fog {unknown}
 r - a scroll of noise {unknown}
Potions
 d - 2 potions of might
 g - 3 potions of invisibility
 l - 3 potions of curing
 m - 2 potions of mutation
 n - a potion of cancellation {unknown}
 q - a potion of degeneration {unknown}


   Skills:
 + Level 5.0 Fighting
 + Level 6.5 Axes
 + Level 6.8 Armour
 + Level 2.0 Dodging
 + Level 1.1 Stealth
 + Level 4.3 Shields


You had 6 spell levels left.
You didn't know any spells.
Your spell library contained the following spells:

 Spells                   Type           Power      Damage    Failure   Level
 Fulminant Prism          Conj/Hex       0%         3d6       100%        4
 Iskenderun's Mystic Bla  Conj/Tloc      0%         2d3       100%        4
 Lee's Rapid Deconstruct  Erth           0%         3d5*      100%        5


Dungeon Overview and Level Annotations

Branches:
Dungeon (4/15)
 Temple: D:4-7

Altars:
Kikubaaqudgha
Sif Muna
Trog
Uskayaw
The Shining One

Shops:
D:1 *   D:3 [

Annotations:
D:4 Edmund


Innate Abilities, Weirdness & Mutations

You have a pair of horns on your head.
You reflexively headbutt those who attack you in melee.


Message History

You slash the jackal!
You kill the jackal!
The jackal bites you.
A jackal is nearby!
You slash the jackal!
You kill the jackal!
No target in view!
You see here a jackal corpse.
Edmund the Younger comes into view.
He is wielding a +4 vorpal dire flail.
Edmund shouts!
Edmund is nearby!
Edmund drinks a potion.
Edmund flickers and vanishes!
Deactivating autopickup; reactivate with Ctrl-A.
There is a strange disturbance nearby!
No target in view!
There is a strange disturbance nearby!
No target in view!
There is a strange disturbance nearby!
No target in view!
There is a strange disturbance nearby!
No target in view!
There is a strange disturbance nearby!
No target in view!
You see here 2 scrolls of identify.
You hit something. You block something's attack.
You miss something. Something hits you! Something hits you.
You slash something! Something hits you! You block something's attack.
Something hits you. Something hits you!
* * * LOW HITPOINT WARNING * * *
x2 Something hits you but does no damage.
You see here a jackal corpse.
Something completely misses you.
You slash something! Something hits you!
* * * LOW HITPOINT WARNING * * *
x2 You are too injured to fight recklessly!
You hit something but do no damage. Your headbutt misses something.
Something hits you!
You die...

#.# #.# #.#
#.# #.# #.#
##.# #.#
#.#####.†)
#.#
..........
#†#
###.####....
#.#####.#.#
#...†
#.......#.#
#....
#@#####.#.#
#.#.# ###
#.#.####.#.#
#........#.#
#.########.#
#.# #.# #.#
#'# #.# ..
#.# #.#


There were no monsters in sight!

Vanquished Creatures
  Duvessa (D:4)
  A black bear (D:4)
  An ogre (D:4)
  A phantom (D:4)
  Dowan (D:4)
  A hound (D:3)
  2 jellies (D:4)
  An orc priest (D:3)
  Jessica (D:3)
  Natasha (thrice) (D:2)
  An iguana (D:4)
  3 gnolls (D:2)
  2 adders
  2 dart slugs
  5 orcs
  6 endoplasms
  A giant cockroach (D:2)
  4 goblins
  4 hobgoblins
  2 jackals (D:4)
  8 ball pythons
  4 bats
  3 frilled lizards
  3 kobolds
  3 rats
64 creatures vanquished.

Vanquished Creatures (others)
  4 fungi (D:1)
  2 plants (D:1)
6 creatures vanquished.

Grand Total: 70 creatures vanquished

Notes
Turn   | Place    | Note
-------+----------+-------------------------------------------
     0 | D:1      | Ihaveafatcat the Minotaur Fighter began the quest for the
                  | Orb.
     0 | D:1      | Reached XP level 1. HP: 19/19 MP: 0/0
   169 | D:1      | Found a faded altar of an unknown god.
   173 | D:1      | Prayed at the altar of an unknown god.
   173 | D:1      | Became a worshipper of Uskayaw the Reveller
   173 | D:1      | Reached * piety under Uskayaw
   181 | D:1      | Reached ** piety under Uskayaw
   283 | D:1      | Found Zomotz's General Store.
   354 | D:1      | Reached XP level 2. HP: 25/27 MP: 1/1
  1114 | D:2      | Reached XP level 3. HP: 17/33 MP: 2/2
  1115 | D:2      | Reached *** piety under Uskayaw
  1120 | D:2      | Reached **** piety under Uskayaw
  1147 | D:2      | Found a bloodstained altar of Trog.
  1521 | D:2      | Noticed Natasha
  1527 | D:2      | Killed Natasha
  1528 | D:2      | Reached skill level 5 in Armour
  1528 | D:2      | Reached XP level 4. HP: 34/40 MP: 3/3
  1588 | D:2      | Noticed Natasha
  1596 | D:2      | Killed Natasha
  1624 | D:2      | Noticed Natasha
  1630 | D:2      | Killed Natasha
  1678 | D:2      | Identified the +6 dagger "Epneoc" {vorpal, rCorr Int+4
                  | Dex+2}
  2311 | D:3      | Reached XP level 5. HP: 17/47 MP: 4/4
  3136 | D:3      | Noticed Jessica
  3147 | D:3      | Killed Jessica
  3150 | D:3      | Found a shimmering blue altar of Sif Muna.
  3395 | D:3      | Found Dony's Armour Shop.
  3427 | D:3      | Found a glowing golden altar of the Shining One.
  3595 | D:4      | Noticed a black bear
  3601 | D:4      | Killed a black bear
  3602 | D:4      | Reached skill level 1 in Dodging
  3602 | D:4      | Reached XP level 6. HP: 47/53 MP: 5/5
  3700 | D:4      | Found an ancient bone altar of Kikubaaqudgha.
  3704 | D:4      | Reached skill level 5 in Axes
  3704 | D:4      | Reached skill level 1 in Stealth
  3932 | D:4      | Noticed Duvessa
  3934 | D:4      | Noticed Dowan
  3940 | D:4      | Killed Duvessa
  3941 | D:4      | Reached XP level 7. HP: 49/60 MP: 6/6
  3955 | D:4      | Killed Dowan
  4177 | D:4      | Reached skill level 5 in Fighting
  4470 | D:4      | Noticed Edmund
  4490 | D:4      | HP: 1/61 [something (4)]
  4491 | D:4      | Mangled by Edmund

Illustrated notes

Levels and vault maps discovered:
D:1:      roderic_lyre, layout_basic, serial_shops, shop,
          shapermc_ecumenical_altar_mp_urbaneastern
D:2:      layout_rooms, basic_altar, uniq_natasha
D:3:      layout_basic, tso_altar, tgw_sif, serial_shops, shop
D:4:      layout_basic, mainiacjoe_overflow_catwalk, uniq_edmund, uniq_duvessa

Skill      XL: |  1  2  3  4  5  6  7 |
---------------+----------------------+-----
Armour         | 4 5 6 |  6.8
Fighting       | 4 5 |  5.0
Axes           | 3 4 5 6 |  6.5
Shields        | 4 |  4.3
Dodging        | 1 2 |  2.0
Stealth        | 1 |  1.1

Action                   |  1- 3 |  4- 6 |  7- 9 || total
-------------------------+-------+-------+-------++-------
Melee: War axe           |    48 |    61 |    45 ||   154
       Headbutt          |    10 |    10 |     4 ||    24
  Use: Scroll            |       |     7 |       ||     7
       Potion            |       |     1 |       ||     1
 Stab: Paralysed         |     2 |       |       ||     2
Armor: Scale mail        |    16 |    30 |    11 ||    57
Dodge: Dodged            |    22 |    26 |    17 ||    65
Block: Buckler           |    15 |    10 |     8 ||    33
